 Dungeon Crawl Stone Soup version 0.31-a0-795-g5eb97db20b (webtiles) character file.

Game seed: 1936384231056981164

50 cforsyth the Sneak (level 4, 0/37 HPs)
             Began as a Djinni Delver on Sept 18, 2023.
             Slain by an orc
             ... wielding a +0 hand axe
              (3 damage)
             ... on level 5 of the Dungeon.
             The game lasted 00:00:33 (365 turns).

cforsyth the Sneak (Djinni Delver)                   Turns: 365, Time: 00:00:34

Health: 0/37       AC:  3    Str: 11    XL:     4   Next: 4%
Gold:   10         EV: 12    Int: 13    God:
                   SH:  0    Dex: 15

rFire   + + .        a - +0 falchion
rCold   x . .        (no shield)
rNeg    . . .        b - +0 leather armour
rPois   ∞            (no helmet)
rElec   .            (no cloak)
rCorr   .            (no gloves)
SInv    .            (boots unavailable)
Will    .....        (no amulet)
Stlth   ++           (no ring)
HPRegen 0.26/turn    (no ring)
MPRegen 0.00/turn

%: infuse magic (-1 HP)
@: flying
A: sickness immunity, fire resistance 2, cold vulnerability 1, float, innate
caster, HP casting, extra vitality 1
a: no special abilities


You were on level 5 of the Dungeon.
You visited 1 branch of the dungeon, and saw 1 of its levels.

You collected 10 gold pieces.

Inventory:

Hand Weapons
 a - a +0 falchion (weapon)
Armour
 b - a +0 leather armour (worn)
Wands
 g - a wand of digging (3)
Scrolls
 c - a scroll of fog
 d - a scroll of revelation
 e - a scroll of fear
 i - 3 scrolls of noise {unknown}
Potions
 f - a potion of haste
 h - a potion of brilliance {unknown}
 j - a potion of curing {unknown}


   Skills:
 + Level 3.9 Fighting
 - Level 1.7 Long Blades
 - Level 2.1 Dodging
 - Level 4.1 Stealth
 + Level 1.5 Spellcasting
 + Level 1.5 Conjurations
 + Level 1.5 Hexes
   Level 0.0 Charms
 + Level 1.5 Summonings
 + Level 1.5 Necromancy
 + Level 1.5 Translocations
 + Level 1.5 Transmutations
 + Level 1.5 Fire Magic
 + Level 1.5 Ice Magic
 + Level 1.5 Air Magic
 + Level 1.5 Earth Magic
 + Level 1.5 Poison Magic


You knew the following spells:

 Your Spells              Type           Power      Damage    Failure   Level
a - Apportation           Tloc           8%         N/A       19%         1
Your spell library was empty.

Dungeon Overview and Level Annotations

Branches:
Dungeon (5/15)
 Temple: D:4-7

Altars:


Innate Abilities, Weirdness & Mutations

You are immune to sickness and miasma.
You are immune to poison.
Your flesh is very heat resistant. (rF++)
You are vulnerable to cold. (rC-)
You float through the air rather than walking.
You learn spells naturally, not from books.
Your magical power is your life essence.
You have superior vitality. (+4 MHP)


Message History

The hound completely misses you. The hound bites you.
You see here a +0 club.
You slash the hound!
The hound is heavily wounded.
The hound closely misses you. x2
You closely miss the hound.
The hound is heavily wounded.
The hound bites you. The hound bites you but does no damage.
You barely miss the hound.
The hound is heavily wounded.
The hound barely misses you. The hound misses you.
You closely miss the hound.
The hound is heavily wounded.
The hound bites you but does no damage.
You slash the hound!
You kill the hound!
You have reached level 4!
You feel agile.
You hit the orc but do no damage. The orc hits you with a +0 hand axe.
* * * LOW HITPOINT WARNING * * *
You hit the orc but do no damage. The orc hits you with a +0 hand axe.
* * * LOW HITPOINT WARNING * * *
The orc closely misses you.
You barely miss the orc. The orc hits you with a +0 hand axe.
* * * LOW HITPOINT WARNING * * *
You hit the orc.
The orc is moderately wounded.
The orc hits you with a +0 hand axe.
* * * LOW HITPOINT WARNING * * *
You closely miss the orc.
The orc is moderately wounded.
The orc completely misses you.
You hit the orc but do no damage.
The orc is moderately wounded.
The orc closely misses you. x2
You closely miss the orc.
The orc is moderately wounded.
The orc hits you with a +0 hand axe.
You die...

#.###### #.#....#
#g#.##.# #.#..#.#
#.##.#g# #....#.#
####### ######.#
#
#.....###......#
.#
##.....o@.#######
..###
###....######
....###.....##
............#
............###
..............#
..............#
#######.......##
##.......#


You could see an orc.

Vanquished Creatures
  A hound (D:5)
  2 gnolls (D:5)
  A dart slug (D:5)
4 creatures vanquished.

Notes
Turn   | Place    | Note
-------+----------+-------------------------------------------
     0 | D:5      | cforsyth the Djinni Delver began the quest for the Orb.
     0 | D:5      | Reached XP level 1. HP: 20/20 MP: 0/0
   102 | D:5      | Noticed a gnoll bouda
   107 | D:5      | Reached XP level 2. HP: 23/25 MP: 0/0
   169 | D:5      | Reached skill level 1 in Spellcasting
   169 | D:5      | Reached skill level 1 in Conjurations
   169 | D:5      | Reached skill level 1 in Hexes
   169 | D:5      | Reached skill level 1 in Summonings
   169 | D:5      | Reached skill level 1 in Necromancy
   169 | D:5      | Reached skill level 1 in Translocations
   169 | D:5      | Reached skill level 1 in Transmutations
   169 | D:5      | Reached skill level 1 in Fire Magic
   169 | D:5      | Reached skill level 1 in Ice Magic
   169 | D:5      | Reached skill level 1 in Air Magic
   169 | D:5      | Reached skill level 1 in Earth Magic
   169 | D:5      | Reached skill level 1 in Poison Magic
   341 | D:5      | Reached XP level 3. HP: 26/30 MP: 0/0
   341 | D:5      | Learned a level 1 spell: Apportation
   359 | D:5      | Reached XP level 4. HP: 14/37 MP: 0/0
   365 | D:5      | Slain by an orc

Illustrated notes

Levels and vault maps discovered:
D:5:      layout_layer_cave, patterned_corridor

Skill      XL: |  1  2 |
---------------+-------+-----
Spellcasting   | 1 |  1.5
Conjurations   | 1 |  1.5
Hexes          | 1 |  1.5
Summonings     | 1 |  1.5
Necromancy     | 1 |  1.5
Translocations | 1 |  1.5
Transmutations | 1 |  1.5
Fire Magic     | 1 |  1.5
Ice Magic      | 1 |  1.5
Air Magic      | 1 |  1.5
Earth Magic    | 1 |  1.5
Poison Magic   | 1 |  1.5
Fighting       | |  3.9
Long Blades    | |  1.7
Dodging        | |  2.1
Stealth        | |  4.1

Action                     |  1- 3 |  4- 6 || total
---------------------------+-------+-------++-------
  Melee: Falchion          |    14 |     7 ||    21
 Armour: Leather armour    |    19 |     5 ||    24
  Dodge: Dodged            |    14 |     4 ||    18

Table legend: (Time is in decaauts)
 A = Elapsed time spent in this place.
 B = Non-inter-level travel time spent in this place.
 C = Inter-level travel time spent in this place.
 D = Time resting spent in this place.
 E = Time spent auto-exploring this place.
 F = Levels seen in this place.
 G = Mean time per level.
                   A        B        C        D        E       F      G
               +--------+--------+--------+--------+--------+-----+--------+
         Total |    369 |    369 |      0 |    156 |    101 |   1 |  369.0 |
       Dungeon |    369 |    369 |      0 |    156 |    101 |   1 |  369.0 |
               +--------+--------+--------+--------+--------+-----+--------+

Top non-repeatable levels by time:
     D:5: 369 daAuts
